 Dungeon Crawl Stone Soup version 0.30-a0-739-gea05faddec (webtiles) character file.

Game seed: 13231242889943798392

358 holysushi the Conjurer (level 6, -1/54 HPs)
             Began as an Octopode Conjurer on Feb 4, 2023.
             Killed from afar by an orc wizard (10 damage)
             ... with a puff of flame
             ... on level 3 of the Dungeon.
             The game lasted 00:04:50 (3369 turns).

holysushi the Conjurer (Octopode Conjurer)          Turns: 3369, Time: 00:04:51

Health: -1/54      AC: 23    Str: 11 (12) XL:     6   Next: 64%
Magic:  6/12       EV:  2    Int: 21 (23) God:
Gold:   273        SH:  2    Dex:  7 (10) Spells: 4/14 levels left

rFire   . . .      SeeInvis .    h - +0 short sword (drain)
rCold   . . .      Faith    .    o - +0 buckler
rNeg    . . .      Spirit   .    (helmet currently unavailable)
rPois   +          Reflect  .    (no amulet)
rElec   .          Harm     .    c - +6 ring of strength
rCorr   .          Rampage  .    (no ring)
Will    .....      NoTele   +    (no ring)
Stlth   ++                       (no ring)
HPRegen 0.29/turn                (no ring)
MPRegen 0.13/turn                (no ring)
                                 (no ring)
                                 (no ring)

@: lethally poisoned (-1 -> -14), tree-form
A: stationary, stasis, torment immunity, boosted hp, almost no armour,
(amphibious), 8 rings, (camouflage 1), (gelatinous body 1), (nimble swimmer 1),
(tentacles)
a: no special abilities


You were on level 3 of the Dungeon.
You were a tree.
You visited 1 branch of the dungeon, and saw 3 of its levels.

You collected 273 gold pieces.

Inventory:

Hand Weapons
 h - a +0 short sword of draining (weapon)
Armour
 o - a +0 buckler (worn)
Jewellery
 c - a +6 ring of strength (left branch)
 l - a ring of ice
 t - a +6 ring of strength
 v - an amulet of reflection
Wands
 p - a wand of digging (4)
Scrolls
 b - a scroll of immolation {unknown}
 f - a scroll of blinking {unknown}
 g - 2 scrolls of torment {unknown}
 i - a scroll of brand weapon {unknown}
 k - a scroll of acquirement {unknown}
 n - a scroll of fog {unknown}
 q - 3 scrolls of identify {unknown}
 u - 3 scrolls of teleportation {unknown}
Potions
 a - a potion of magic
 e - a potion of lignification
 j - a potion of degeneration
 m - a potion of brilliance {unknown}
 s - a potion of attraction {unknown}
 w - a potion of resistance {unknown}
 x - a potion of flight {unknown}
 z - a potion of cancellation {unknown}


   Skills:
 - Level 2.0 Dodging
 - Level 2.6 Stealth
 - Level 4.5 Spellcasting
 + Level 6.2 Conjurations


You had 4 spell levels left.
You knew the following spells:

 Your Spells              Type           Power      Damage    Failure   Level
a - Magic Dart            Conj           100%       1d8       1%          1
b - Searing Ray           Conj           60%        2d6       1%          2
c - Dazzling Flash        Conj/Hex       34%        N/A       13%         3
d - Fulminant Prism       Conj/Hex       8%         3d7       38%         4

Your spell library contained the following spells:

 Spells                   Type           Power      Damage    Failure   Level
 Slow                     Hex            16%        N/A       16%         1
 Scorch                   Fire           8%         2d5       24%         2
 Flame Wave               Conj/Fire      17%        2d7       38%         4
 Iskenderun's Mystic Bla  Conj/Tloc      17%        2d5       38%         4
 Confusing Touch          Hex            4%         N/A       43%         3
 Vampiric Draining        Necr           4%         2d6       43%         3
 Summon Cactus Giant      Summ           2%         N/A       100%        6


Dungeon Overview and Level Annotations

Branches:
Dungeon (3/15) Zot: 14647

Altars:
Qazlal

Shops:
D:2 ?


Innate Abilities, Weirdness & Mutations

You are a tree.
Your roots penetrate the ground, keeping you stationary.
You cannot be teleported.
You are immune to unholy pain and torment.
Your maximum health is greatly increased.
You cannot wear most types of armour.
((You are amphibious.))
You can wear up to eight rings at the same time.
((Your skin changes colour to match your surroundings (Stealth+).))
((Your rubbery body absorbs attacks. (AC +1, EV +1)))
((You are camouflaged when in or above water. (Stealth+)))
((You have tentacles for arms and can constrict up to eight enemies at once.))


Message History

The magic dart hits something.
You feel very sick.
You hear some strange, mumbled words.
You are confused.
You're too confused to cast spells.
Something hits you.
* * * LOW HITPOINT WARNING * * *
You feel very sick.
Unknown command.
It was a potion of heal wounds.
You feel much better.
You feel sick. Something hits you.
You are more poisoned.
You feel very sick.
You bump into the rock wall.
You feel very sick. Something hits you.
You are lethally poisoned!
Something hits you but does no damage.
You feel less confused.
You feel very sick.
It was a potion of lignification.
You turn into a tree.
Your roots penetrate the ground.
You feel very sick. Something hits you but does no damage.
You are lethally poisoned!
It was a potion of degeneration.
There was something very wrong with that liquid.
You feel weakened.
You feel dopey.
You feel clumsy.
* * * LOW HITPOINT WARNING * * *
You feel very sick. Something hits you but does no damage.
Aiming: Polymorph
Press: ? - help, Shift-Dir - straight line Nothing appears to happen.
The now-empty wand crumbles to dust.
* * * LOW HITPOINT WARNING * * *
You feel very sick.
You hear some strange, mumbled words.
A puff of flame appears from out of thin air!
The puff of flame hits you!
You die...

#.# ###.# #####...#
......#.#########
.##.#...........#
.##.##...######.#
###.#.....# #.#
#.##...## ##.########
###.###.##
#..♣..>.... ....# #.#
#..{######. ##### #.#
####...####
##'###.........#
##...##............
##.....#.........###
##.......##.....#.#
###.........#.......#
..+.........+.)......


There were no monsters in sight!

Vanquished Creatures
  Grinder (D:3)
  Natasha (thrice) (D:2)
  4 worms
  3 dart slugs (D:1)
  3 orcs (D:3)
  4 endoplasms
  5 giant cockroaches
  4 goblins
  5 hobgoblins
  4 jackals (D:1)
  4 quokkas
  6 ball pythons
  5 bats
  2 frilled lizards (D:2)
  5 kobolds
  4 rats
62 creatures vanquished.

Vanquished Creatures (others)
  8 fungi (D:2)
  2 toadstools (D:2)
10 creatures vanquished.

Grand Total: 72 creatures vanquished

Notes
Turn   | Place    | Note
-------+----------+-------------------------------------------
     0 | D:1      | holysushi the Octopode Conjurer began the quest for the
                  | Orb.
     0 | D:1      | Reached XP level 1. HP: 11/11 MP: 3/3
   332 | D:1      | Reached XP level 2. HP: 17/17 MP: 2/5
   711 | D:1      | Reached XP level 3. HP: 21/21 MP: 4/7
  1111 | D:2      | Learned a level 2 spell: Searing Ray
  1171 | D:2      | Learned a level 3 spell: Dazzling Flash
  1280 | D:2      | Noticed Natasha
  1286 | D:2      | Killed Natasha
  1287 | D:2      | Reached XP level 4. HP: 11/27 MP: 2/10
  1430 | D:2      | Found a stormy altar of Qazlal.
  1633 | D:2      | Found The Oracle's Delphic Readings.
  1663 | D:2      | Noticed Natasha
  1670 | D:2      | Killed Natasha
  1971 | D:2      | Noticed Natasha
  2235 | D:2      | Found a faded altar of an unknown god.
  2348 | D:2      | Killed Natasha
  2349 | D:2      | Reached XP level 5. HP: 24/31 MP: 6/11
  2474 | D:3      | Learned a level 4 spell: Fulminant Prism
  2997 | D:3      | Noticed Grinder
  3006 | D:3      | Killed Grinder
  3007 | D:3      | Reached skill level 6 in Conjurations
  3007 | D:3      | Reached XP level 6. HP: 20/36 MP: 2/12
  3369 | D:3      | Killed from afar by an orc wizard

Illustrated notes

Levels and vault maps discovered:
D:1:      minmay_arrival_four_houses, layout_basic, minmay_tetromino_l4
D:2:      layout_basic, basic_ecumenical_altar, basic_altar,
          minmay_gold_behind_fungi, amethyst_killhole, minmay_door_square,
          nicolae_nh_oracle_at_delphi, uniq_natasha
D:3:      layout_loops_corners, uniq_grinder

Skill      XL: |  1  2  3  4  5 |
---------------+----------------+-----
Spellcasting   | 3 4 |  4.5
Conjurations   | 6 |  6.2
Dodging        | |  2.0
Stealth        | |  2.6

Action                     |  1- 3 |  4- 6 || total
---------------------------+-------+-------++-------
  Melee: Unarmed           |     3 |     1 ||     4
         Tentacles         |     4 |     1 ||     5
         Constrict         |     4 |       ||     4
         Short sword       |     9 |     9 ||    18
   Cast: Magic Dart        |    57 |    53 ||   110
         Searing Ray       |     2 |    10 ||    12
  Evoke: Wand              |       |     1 ||     1
    Use: Potion            |       |     3 ||     3
   Stab: Sleeping          |       |     1 ||     1
 Armour: Skin              |     1 |     3 ||     4
  Dodge: Dodged            |    10 |    10 ||    20
  Block: Buckler           |       |     2 ||     2

Table legend: (Time is in decaauts)
 A = Elapsed time spent in this place.
 B = Non-inter-level travel time spent in this place.
 C = Inter-level travel time spent in this place.
 D = Time resting spent in this place.
 E = Time spent auto-exploring this place.
 F = Levels seen in this place.
 G = Mean time per level.
                   A        B        C        D        E       F      G
               +--------+--------+--------+--------+--------+-----+--------+
         Total |   3351 |   3231 |    120 |    549 |   2204 |   3 | 1117.0 |
       Dungeon |   3351 |   3231 |    120 |    549 |   2204 |   3 | 1117.0 |
               +--------+--------+--------+--------+--------+-----+--------+

Top non-repeatable levels by time:
     D:1: 1202 daAuts
     D:2: 1202 daAuts
     D:3: 946 daAuts
